 Dungeon Crawl Stone Soup version 0.18.1-50-g88ac8fd (webtiles) character file.

1540 tyranidshit the Fighter (level 8, -2/72 HPs)
             Began as a Demonspawn Abyssal Knight on Oct 1, 2016.
             Was a Priest of Lugonu.
             Slain by Gastronok (26 damage)
             ... on level 8 of the Dungeon.
             The game lasted 00:15:36 (4500 turns).

tyranidshit the Fighter (Demonspawn Abyssal Knight) Turns: 4500, Time: 00:15:37

Health: -2/72      AC: 17    Str: 14    XL:     8   Next: 56%
Magic:  18/18      EV:  6    Int: 14    God:    Lugonu [***...]
Gold:   170        SH:  0    Dex: 13    Spells: 0 memorised, 7 levels left

rFire  . . .     SeeInvis .     v - +4 flail (protect)
rCold  . . .     Gourm    .     h - +0 chain mail
rNeg   . . .     Faith    .     (no shield)
rPois  .         Spirit   .     (helmet restricted)
rElec  .         Dismiss  .     (no cloak)
rCorr  .         Reflect  .     m - +0 pair of gloves
SustAt .         Harm     .     (no boots)
MR     .....                    (no amulet)
Stlth  ..........               s - ring of magical power
                                i - ring of flight

@: slowed, very slow, not resistant to hostile enchantments, extremely
unstealthy
A: horns 1, yellow scales 1, spiny 1, rot immunity
a: Depart the Abyss, Bend Space, Banish, Renounce Religion, Evoke Flight


You were on level 8 of the Dungeon.
You worshipped Lugonu.
Lugonu was most pleased with you.
You were hungry.

You visited 1 branch of the dungeon, and saw 8 of its levels.
You visited the Abyss 1 time.
You also visited: Ossuary.

You collected 170 gold pieces.

Inventory:

Hand Weapons
 a - a +2 hand axe
 v - a +4 flail of protection (weapon)
Missiles
 o - a throwing net (quivered)
Armour
 b - a +0 leather armour
 h - a +0 chain mail (worn)
 m - a +0 pair of gloves (worn)
Jewellery
 i - a ring of flight (left hand)
 s - a ring of magical power (right hand)
Wands
 e - a wand of flame (7/48)
 k - a wand of digging (0/24)
 u - a wand of random effects (18/48)
Scrolls
 l - 3 scrolls of recharging
 w - a scroll of remove curse
 y - a scroll of enchant weapon
Potions
 f - a potion of might
 j - 2 potions of curing
 n - a potion of flight
 r - 3 potions of haste
 x - a potion of ambrosia
Books
 c - a book of Burglary

   Spells                             Type                      Level
   a - Swiftness                      Charms/Air                   2
   b - Passwall                       Transmutation/Earth          2
   c - Passage of Golubria            Translocation                4
   d - Lee's Rapid Deconstruction     Earth                        5
   e - Darkness                       Hexes                        6
   f - Invisibility                   Hexes                        6
 t - a Young Poisoner's Handbook

   Spells                             Type                      Level
   a - Sting                          Conjuration/Poison           1
   b - Cure Poison                    Poison                       2
   c - Mephitic Cloud                 Conjuration/Poison/Air       3
   d - Olgreb's Toxic Radiance        Poison                       4
   e - Venom Bolt                     Conjuration/Poison           5
Comestibles
 d - 2 slices of pizza
 g - 9 fruits
 p - 3 meat rations
 q - a bread ration


   Skills:
 - Level 10.2 Fighting
 - Level 1.7 Axes
 + Level 4.4 Armour
 - Level 0.8 Dodging
 - Level 2.4 Invocations


You had 7 spell levels left.
You didn't know any spells.

Dungeon Overview and Level Annotations

Branches:
Dungeon (9/15)             Temple (0/1) D:5
   Lair: D:8-11         Orc: D:9-12

Altars:
Ashenzari
Cheibriados
Elyvilon
Ru
The Shining One

Annotations:
D:8 Gastronok


Innate Abilities, Weirdness & Mutations

You have a pair of small horns on your head.
You are partially covered in yellow scales (AC +2).
You are partially covered in sharp spines.
You are immune to rotting.


Message History

You hit Gastronok. You headbutt Gastronok!
Gastronok is moderately wounded.
Gastronok bubbles merrily.
You hit Gastronok. You headbutt Gastronok.
Gastronok is moderately wounded.
Gastronok chants a spell, wobbling all the while.
You completely miss Gastronok. You headbutt Gastronok.
Gastronok is moderately wounded.
The rat is struck by your spines.
You kill the rat!
The rat's corpse disappears in a puff of smoke!
You hit Gastronok.
Gastronok is moderately wounded.
Gastronok looks at you and mumbles some strange words.
You feel yourself slow down.
You sock Gastronok! You headbutt Gastronok.
Gastronok is heavily wounded.
The rat twitches its whiskers.
The rat bites you but does no damage. x2; Gastronok bites you!!
You die...

#w. #.# #.. ###J##
##.## #....#
#.###...#######.#..####
#....#................
#.$?#####.###......
##.######.# #......
#wr......# #######
#@######## #.# #.# #.#
#.# #.# #.# ###


You could see Gastronok and a rat.

Vanquished Creatures
  A steam dragon (D:8)
  Edmund (D:6)
  An orc warrior (D:5)
  An ice beast (D:5)
  A phantom (D:5)
  An ogre (D:5)
  A centaur (D:5)
  A giant frog (D:6)
  A howler monkey (D:6)
  A crimson imp (D:5)
  A centaur zombie (Ossuary)
  2 hounds
  2 jellies
  A giant frog skeleton (D:9)
  Jessica (D:2)
  Ijyb (D:2)
  An iguana (D:4)
  Natasha (thrice) (D:2)
  4 worker ants
  A hound skeleton (D:4)
  4 mummies (Ossuary)
  2 adders
  8 gnolls
  5 oozes
  An adder skeleton (D:5)
  4 worms
  4 giant geckos
  7 orcs
  4 giant cockroaches
  10 goblins
  4 hobgoblins
  2 quokkas
  3 ball pythons
  5 bats
  6 giant newts
  2 goblin zombies (Ossuary)
  9 kobolds
  3 kobold zombies (Ossuary)
  2 orc zombies (Ossuary)
  6 rats
118 creatures vanquished.

Vanquished Creatures (others)
  8 starspawn tentacle segments (Abyss:2)
8 creatures vanquished.

Grand Total: 126 creatures vanquished

Notes
Turn   | Place    | Note
--------------------------------------------------------------
     0 | Abyss:1  | tyranidshit the Demonspawn Abyssal Knight began the quest for the Orb.
     0 | Abyss:1  | Reached XP level 1. HP: 18/18 MP: 2/2
   102 | Abyss:2  | Found a corrupted altar of Lugonu.
   112 | Abyss:2  | Found a corrupted altar of Lugonu.
   121 | Abyss:2  | Noticed a tentacled starspawn
   123 | D:1      | Escaped the Abyss
   180 | D:1      | Gained mutation: You are immune to rotting. [demonic ancestry]
   180 | D:1      | Reached XP level 2. HP: 10/24 MP: 3/3
   289 | D:1      | Reached * piety under Lugonu
   306 | D:1      | Reached skill level 4 in Fighting
   493 | D:1      | Gained mutation: You are partially covered in yellow scales (AC +2). [demonic ancestry]
   493 | D:1      | Reached XP level 3. HP: 23/30 MP: 4/4
  1069 | D:2      | Noticed Jessica
  1075 | D:2      | Killed Jessica
  1154 | D:2      | Reached XP level 4. HP: 30/38 MP: 5/5
  1156 | D:2      | Reached skill level 5 in Fighting
  1265 | D:2      | Noticed Ijyb
  1291 | D:2      | Killed Ijyb
  1471 | D:2      | Reached ** piety under Lugonu
  1471 | D:2      | Reached XP level 5. HP: 46/46 MP: 6/6
  1551 | D:2      | Noticed Natasha
  1555 | D:2      | Killed Natasha
  1555 | D:2      | Reached skill level 6 in Fighting
  1656 | D:2      | Found a faded altar to an unknown god.
  1750 | D:2      | Noticed Natasha
  1758 | D:2      | Killed Natasha
  1778 | D:2      | Noticed Natasha
  1787 | D:2      | Killed Natasha
  2553 | D:4      | Found a shattered altar of Ashenzari.
  2595 | D:4      | Gained mutation: You have a pair of small horns on your head. [demonic ancestry]
  2595 | D:4      | Reached XP level 6. HP: 48/53 MP: 7/7
  2644 | D:4      | Reached skill level 7 in Fighting
  2680 | D:4      | Found a white marble altar of Elyvilon.
  3079 | D:5      | Entered Level 5 of the Dungeon
  3147 | D:5      | Found a glowing golden altar of the Shining One.
  3155 | D:5      | Found a sacrificial altar of Ru.
  3158 | D:5      | Found a snail-covered altar of Cheibriados.
  3217 | D:5      | Reached skill level 8 in Fighting
  3217 | D:5      | Gained mutation: You are partially covered in sharp spines. [demonic ancestry]
  3217 | D:5      | Reached XP level 7. HP: 39/62 MP: 8/8
  3306 | D:5      | Reached *** piety under Lugonu
  3435 | D:5      | Found a sand-covered staircase.
  3444 | Ossuary  | Entered an ossuary
  3750 | D:5      | Reached skill level 9 in Fighting
  3786 | D:5      | Found a staircase to the Ecumenical Temple.
  4065 | D:5      | Reached XP level 8. HP: 69/72 MP: 9/9
  4237 | D:6      | Reached skill level 10 in Fighting
  4281 | D:6      | Noticed Edmund
  4302 | D:6      | Killed Edmund
  4388 | D:6      | You fall through a shaft for 3 floors!
  4472 | D:8      | Noticed Gastronok
  4500 | D:8      | Slain by Gastronok

Skill      XL: |  1  2  3  4  5  6  7  8 |
---------------+-------------------------+-----
Fighting       | 4 5 6 8 9 10 | 10.2
Armour         | 4 |  4.4
Axes           | |  1.7
Dodging        | |  0.8
Invocations    | |  2.4

Action                   |  1- 3 |  4- 6 |  7- 9 || total
-------------------------+-------+-------+-------++-------
Melee: Hand axe          |    94 |   213 |    85 ||   392
       Headbutt          |       |    10 |    19 ||    29
       Flail             |       |       |    22 ||    22
Invok: Depart the Abyss  |     1 |       |       ||     1
Evoke: Wand              |       |    23 |    23 ||    46
  Use: Scroll            |     6 |     1 |     7 ||    14
       Potion            |     1 |     4 |     5 ||    10
  Eat: Bread ration      |     1 |     1 |       ||     2
       Pizza             |       |       |     2 ||     2
Armor: Chain mail        |    84 |   157 |    65 ||   306
Dodge: Dodged            |    27 |    67 |    33 ||   127
